 Dungeon Crawl Stone Soup version 0.29-a0-330-g52719c12eb (webtiles) character file.

Game seed: 15925850457585431968

9 Iscandelvey the Conjurer (level 2, 19/19 HPs)
             Began as a Demonspawn Conjurer on Apr 14, 2022.
             Quit the game on level 1 of the Dungeon.
             The game lasted 00:01:30 (533 turns).

Iscandelvey the Conjurer (Demonspawn Conjurer)       Turns: 533, Time: 00:01:31

Health: 19/19      AC:  2    Str:  7    XL:     2   Next: 3%
Magic:  0/5        EV: 12    Int: 19    God:
Gold:   24         SH:  0    Dex: 11    Spells: 4/5 levels left

rFire   . . .      SeeInvis .   (no weapon)
rCold   . . .      Faith    .   (no shield)
rNeg    . . .      Spirit   .   a - +0 robe
rPois   .          Reflect  .   (no helmet)
rElec   .          Harm     .   (no cloak)
rCorr   .          Rampage  .   (no gloves)
Will    .....                   (no boots)
Stlth   ++........              (no amulet)
HPRegen 0.06/turn               (no ring)
MPRegen 0.09/turn               (no ring)

@: no status effects
A: hooves 1
a: no special abilities


You were on level 1 of the Dungeon.
You visited 1 branch of the dungeon, and saw 1 of its levels.

You collected 24 gold pieces.

Inventory:

Armour
 a - a +0 robe (worn)
Potions
 b - a potion of magic
 c - a potion of degeneration {unknown}
 d - a potion of brilliance {unknown}


   Skills:
 + Level 2.0 Dodging
 + Level 2.0 Stealth
 + Level 2.1 Spellcasting
 + Level 4.1 Conjurations


You had 4 spell levels left.
You knew the following spells:

 Your Spells              Type           Power      Damage    Failure   Level
a - Magic Dart            Conj           68%        1d6       3%          1

Your spell library contained the following spells:

 Spells                   Type           Power      Damage    Failure   Level
 Searing Ray              Conj           34%        2d5       4%          2
 Dazzling Flash           Conj/Hex       18%        N/A       22%         3
 Fulminant Prism          Conj/Hex       4%         3d6       56%         4
 Iskenderun's Mystic Bla  Conj/Tloc      9%         2d4       56%         4


Dungeon Overview and Level Annotations

Branches:
Dungeon (1/15)

Altars:


Innate Abilities, Weirdness & Mutations

You have large cloven feet.


Message History

Magic restored.
There is an open door here.
There is an open door here.
There is an open door here.
You see here a ball python corpse.
A quokka comes into view.
The magic dart hits the quokka.
The quokka is lightly wounded.
The magic dart hits the quokka.
You kill the quokka!
Your Stealth skill increases to level 2!
You can't see any susceptible monsters within range! (Use Z to cast anyway.)
A bat comes into view.
The magic dart hits the bat.
The bat is severely wounded.
The magic dart hits the bat.
You kill the bat!
There is an open door here.
Found a hand axe.
You now have 24 gold pieces (gained 13).
You see here a +0 dagger.
d - a brown potion A bat comes into view.
The bat moves out of view.
There is an open door here.
Found a cloak.
A bat is nearby!
A bat is nearby!
The magic dart hits the bat.
The bat is heavily wounded.
The magic dart hits the bat.
The bat is severely wounded.
The bat misses you.
The magic dart hits the bat.
You kill the bat!
Your Dodging skill increases to level 2!
You have reached level 2!
Your demonic ancestry asserts itself...
Your feet thicken and deform.
Are you sure you want to abandon this character and quit the game? (Confirm with "yes".)

#.##......# ......#
#.##......##......#
#.##......##......####
##.##.#######.........#
....#.###.............##
#####>..'...............
# #.###...).#......... #
#†# #.....#.....?... #
#.###.....#.@.......
#####.#.......#.........
...##.+.......'........[
...####.......#.........
...# #.......####......
[..####...)...# ..?...
#.....#.......# ......
####.########## ......
#.#### ...


There were no monsters in sight!

Vanquished Creatures
  An endoplasm (D:1)
  A hobgoblin (D:1)
  A quokka (D:1)
  A ball python (D:1)
  3 bats (D:1)
  A kobold (D:1)
  A rat (D:1)
9 creatures vanquished.

Notes
Turn   | Place    | Note
-------+----------+-------------------------------------------
     0 | D:1      | Iscandelvey the Demonspawn Conjurer began the quest for the
                  | Orb.
     0 | D:1      | Reached XP level 1. HP: 13/13 MP: 3/3
   533 | D:1      | Gained mutation: You have large cloven feet. [demonic
                  | ancestry]
   533 | D:1      | Reached XP level 2. HP: 19/19 MP: 0/5
   533 | D:1      | Quit the game

Illustrated notes

Levels and vault maps discovered:
D:1:      minmay_arrival_nine_rooms, layout_basic,
          chequers_ecumenical_altar_simple_redux

Skill      XL: |  1 |
---------------+----+-----
Stealth        | 2 |  2.0
Dodging        | 2 |  2.0
Spellcasting   | |  2.1
Conjurations   | |  4.1

Action                   || total
-------------------------++-------
Melee: Unarmed           ||     2
 Cast: Magic Dart        ||    19
Armor: Robe              ||     1
Dodge: Dodged            ||     1

Table legend: (Time is in decaauts)
 A = Elapsed time spent in this place.
 B = Non-inter-level travel time spent in this place.
 C = Inter-level travel time spent in this place.
 D = Time resting spent in this place.
 E = Time spent auto-exploring this place.
 F = Levels seen in this place.
 G = Mean time per level.
                   A        B        C        D        E       F      G
               +--------+--------+--------+--------+--------+-----+--------+
         Total |    533 |    533 |      0 |    167 |    286 |   1 |  533.0 |
       Dungeon |    533 |    533 |      0 |    167 |    286 |   1 |  533.0 |
               +--------+--------+--------+--------+--------+-----+--------+

Top non-repeatable levels by time:
     D:1: 533 daAuts
